 Dungeon Crawl Stone Soup version 0.25-a0-410-g53dbb63 (webtiles) character file.

Game seed: 8719271611139945258, levelgen mode: deterministic

77 EternalFade the Chucker (level 4, -4/45 HPs)
             Began as an Ogre Hunter on Jan 14, 2020.
             Killed from afar by a white imp (7 damage)
             ... with a puff of frost
             ... summoned by Natasha
             ... on level 1 of the Dungeon.
             The game lasted 00:10:04 (1623 turns).

EternalFade the Chucker (Ogre Hunter)               Turns: 1623, Time: 00:10:04

Health: -4/45      AC:  3    Str: 17    XL:     4   Next: 33%
Magic:  4/4        EV: 10    Int: 12    God:
Gold:   66         SH:  0    Dex:  9    Spells: 3/3 levels left

rFire    . . .     SeeInvis .   j - +0 whip
rCold    . . .     Gourm    .   (no shield)
rNeg     . . .     Faith    .   b - +0 robe
rPois    .         Spirit   .   (helmet restricted)
rElec    .         Reflect  .   (no cloak)
rCorr    .         Harm     .   (gloves unavailable)
MR       .....                  (boots unavailable)
Stlth    +.........             (no amulet)
HPRegen  0.15/turn              (no ring)
MPRegen  0.09/turn              (no ring)

@: no status effects
A: large, unfitting armour, tough skin 1
a: no special abilities


You were on level 1 of the Dungeon.
You were not hungry.

You visited 1 branch of the dungeon, and saw 2 of its levels.

You collected 66 gold pieces.

Inventory:

Hand Weapons
 a - a +0 short sword
 j - a +0 whip (weapon)
   (You took it off a kobold on level 1 of the Dungeon)
Missiles
 d - a throwing net (quivered) {!f}
 g - 55 stones
Armour
 b - a +0 robe (worn)
Jewellery
 l - an uncursed ring of protection from cold
   (You found it on level 1 of the Dungeon)
Scrolls
 f - 2 scrolls of fear {unknown}
 h - a scroll of remove curse {unknown}
 i - a scroll of identify {@r1}
 k - a scroll of teleportation {unknown}
 n - a scroll of noise {unknown}
 r - 2 scrolls of enchant armour {unknown}
Potions
 m - a potion of curing {unknown}
 o - a potion of degeneration {unknown}
 q - a potion of mutation {unknown}
Comestibles
 e - 2 rations {!d}


   Skills:
 + Level 3.5 Fighting
 - Level 0.4 Short Blades
 + Level 1.0 Maces & Flails
 + Level 4.3 Throwing
 + Level 2.5 Dodging
 + Level 1.4 Stealth


You had 3 spell levels left.
You didn't know any spells.
Your spell library was empty.

Dungeon Overview and Level Annotations

Branches:
Dungeon (2/15)

Altars:

Annotations:
D:1 Natasha


Innate Abilities, Weirdness & Mutations

You are too large for most types of armour.
You have tough skin. (AC +1)


Message History

* * * LOW HITPOINT WARNING * * *
Natasha mumbles some strange words.
You feel disoriented. Natasha claws you.
* * * LOW HITPOINT WARNING * * *
Natasha claws you.
* * * LOW HITPOINT WARNING * * *
Natasha barely misses you. Natasha closely misses you.
Natasha claws you but does no damage. Natasha barely misses you.
Natasha closely misses you.
Natasha mumbles some strange words.
Natasha's front paws start to glow.
Natasha stares at you and mumbles some strange words.
You resist with some effort.
Throwing (i - inventory. (/) - cycle)
d - 2 throwing nets (quivered)
{!f}
Aim: Natasha (almost dead) Really fire
d - 2 throwing nets {!f}?
Uppercase [Y]es or [N]o only, please.
Really fire
d - 2 throwing nets {!f}?
You throw a throwing net {!f}.
The throwing net {!f} barely misses Natasha.
Natasha casts a spell.
Natasha casts a spell at you. You resist with some effort.
The white imp barely misses you.
Natasha stares at you and mumbles some strange words.
The magic dart hits you.
* * * LOW HITPOINT WARNING * * *
You feel yourself speed up.
The white imp grins evilly.
The white imp misses you.
Natasha mumbles some strange words.
Here: a white imp (summoned)
The floor.
You are too injured to fight recklessly!
As you read the scroll labeled CALIGU WUNA, it crumbles to dust.
It is a scroll of identify.
l - an uncursed ring of protection from cold The white imp hits you.
* * * LOW HITPOINT WARNING * * *
The white imp freezes you.
* * * LOW HITPOINT WARNING * * *
Natasha mumbles some strange words.
The crimson imp blinks!
Natasha mewls in sadness.
The crimson imp spits at you. The white imp gestures at you.
The puff of frost hits you!
You die...

#.######....................
#.#....#...#################
#.#.##.#...## #.#....#....#
#.#..#.#.#..# #.#..#.#.#..#
#.#..#รท#.#..# #.#..#.#.#..#
######.#..#.#.##@#
.......#..#.#.##.#
.......####.#.##5#
............#.##h#
#############.##5##
.)............##..#
...#############.5## ...#
#.....##..#
...#######.....##..#


You could see Natasha, a crimson imp and 2 white imps.

Vanquished Creatures
  3 adders (D:2)
  A dart slug (D:2)
  2 leopard geckos (D:1)
  6 goblins
  3 hobgoblins
  6 jackals
  4 kobolds (D:1)
  A quokka (D:2)
  A ball python (D:1)
  8 bats
  4 frilled lizards
  8 rats
47 creatures vanquished.

Notes
Turn   | Place    | Note
-------+----------+-------------------------------------------
     0 | D:1      | EternalFade the Ogre Hunter began the quest for the Orb.
     0 | D:1      | Reached XP level 1. HP: 22/22 MP: 1/1
   134 | D:1      | Reached XP level 2. HP: 27/29 MP: 2/2
   261 | D:1      | Reached skill level 1 in Stealth
   752 | D:1      | You fall into a shaft and drop 1 floor!
   821 | D:2      | Reached XP level 3. HP: 36/37 MP: 3/3
  1171 | D:2      | Reached XP level 4. HP: 45/45 MP: 4/4
  1181 | D:2      | Reached skill level 1 in Maces & Flails
  1182 | D:2      | Noticed Natasha
  1623 | D:1      | Killed from afar by a white imp

Levels and vault maps discovered:
D:1:      nicolae_arrival_washed_ashore, layout_basic
D:2:      layout_basic, minmay_tetromino_l4, uniq_natasha

Skill      XL: |  1  2  3  4 |
---------------+-------------+-----
Fighting       | 3 |  3.5
Dodging        | 2 |  2.5
Stealth        | 1 |  1.4
Maces & Flails | 1 |  1.0
Short Blades   | |  0.4
Throwing       | |  4.3

Action                   |  1- 3 |  4- 6 || total
-------------------------+-------+-------++-------
Melee: Short sword       |    23 |       ||    23
       Club              |    31 |       ||    31
       Whip              |    70 |    57 ||   127
Throw: Large rock        |     2 |     5 ||     7
       Throwing net      |       |     1 ||     1
  Use: Scroll            |       |     1 ||     1
 Stab: Distracted        |     1 |       ||     1
       Sleeping          |       |     2 ||     2
  Eat: Chunk             |     1 |     2 ||     3
Armor: Robe              |    51 |    26 ||    77
Dodge: Dodged            |    89 |    41 ||   130

Table legend:
 A = Non-vault XP
 B = Vault XP
 C = Vault XP percentage of total XP
 D = Non-vault monster count
 E = Vault monster count
 F = Vault count percentage of total count
                 A         B        C        D         E       F
            +---------+---------+-------+---------+---------+-------
      Total |     103 |       7 |   6.4 |      44 |       3 |   6.4
            +---------+---------+-------+---------+---------+-------
        D:1 |      41 |       0 |   0.0 |      26 |       0 |   0.0
        D:2 |      62 |       7 |  10.1 |      18 |       3 |  14.3
            +---------+---------+-------+---------+---------+-------
